 Dungeon Crawl Stone Soup version 0.16.1-30-g34a7ffa (webtiles) character file.

1804607 theElss the Archmage (level 27, 74/130 HPs)
             Began as a Deep Elf Conjurer on June 26, 2015.
             Was the Champion of Vehumet.
             Escaped with the Orb
             ... and 4 runes on June 28, 2015!
             The game lasted 11:56:10 (124095 turns).

theElss the Archmage (Deep Elf Conjurer)          Turns: 124095, Time: 11:56:10

Health: 74/130     AC: 17    Str: 14    XL:     27
Magic:  41/54      EV: 20    Int: 34    God:    Vehumet [******]
Gold:   6949       SH:  8    Dex: 20    Spells: 16 memorised, 4 levels left

rFire  + . .     SeeInvis +     e - -2 rod of the swarm (13/13)
rCold  . . .     Clarity  .     Y - +4 robe of Augmentation {Str+4 Int+4 Dex+4}
rNeg   + . .     SustAb   .     q - +2 buckler
rPois  +         Gourm    +     A - +2 helmet
rElec  .         Spirit   .     H - +1 cloak {MR+}
rCorr  .         Warding  .     s - +0 pair of gloves
rMut   .         Stasis   .     y - +3 pair of boots of the Ten Places {+Blink MP+9 Str-5 Int+2 SInv}
MR     +++..                    C - amulet of the gourmand
Stlth  +.........               D - ring "Gavuing" {rC+ Str+7 Int-2}
                                K - ring "Lupaacaq" {Fire rPois rN+}

@: delayed fireball, repel missiles, extremely resistant to hostile
enchantments, very unstealthy
A: deformed body, frail 1
a: Renounce Religion, Release Delayed Fireball, Evoke Blink
0: Orb of Zot
}: 4/15 runes: decaying, slimy, silver, gossamer


You escaped.
You worshipped Vehumet.
Vehumet was exalted by your worship.
You were full.

You visited 12 branches of the dungeon, and saw 65 of its levels.
You also visited: Trove and Volcano.

You collected 9188 gold pieces.
You spent 2239 gold pieces at shops.

Inventory:

Hand weapons
 W - the +6 dagger of Qazlal's Castigation {pierce, rElec rF+ Str+2 SInv Stlth+}
   (You took it off a hobgoblin on level 11 of the Dungeon)

   It inflicts extra damage upon your enemies.
   It affects your strength (+2).
   It protects you from fire.
   It insulates you from electricity.
   It enhances your eyesight.
   It makes you more stealthy.
Armour
 q - a +2 buckler (worn)
 s - a +0 pair of gloves (worn)
 y - the +3 pair of boots of the Ten Places (worn) {+Blink MP+9 Str-5 Int+2 SInv}
   (You found it on level 5 of the Lair of Beasts)

   It affects your strength (-5).
   It affects your intelligence (+2).
   It affects your magic capacity (+9).
   It enhances your eyesight.
   It lets you blink.
 A - a +2 helmet (worn)
 H - a +1 cloak of magic resistance (worn)
 Y - the +4 robe of Augmentation (worn) {Str+4 Int+4 Dex+4}
   (You found it on level 1 of the Lair of Beasts)

   It affects your strength (+4).
   It affects your intelligence (+4).
   It affects your dexterity (+4).
Rods
 e - a -2 rod of the swarm (13/13) (weapon)
   (You found it on level 3 of the Realm of Zot)
Jewellery
 j - a cursed ring of teleport control
 B - an uncursed amulet of resist mutation
 C - an amulet of the gourmand (around neck)
 D - the ring "Gavuing" (right hand) {rC+ Str+7 Int-2}
   (You found it on level 5 of the Vaults)

   [ring of protection from cold]

   It affects your strength (+7).
   It affects your intelligence (-2).
   It protects you from cold.
 I - an uncursed ring of sustain abilities
 K - the ring "Lupaacaq" (left hand) {Fire rPois rN+}
   (You took it off a deep elf master archer on level 3 of the Elven Halls)

   [ring of fire]

   It enhances your fire magic, and weakens your ice magic.
   It protects you from fire.
   It makes you vulnerable to cold.
   It protects you from poison.
   It protects you from negative energy.
Magical devices
 b - a wand of digging (13)
 p - a wand of disintegration (13)
 t - a wand of teleportation (5)
 v - a wand of digging (12)
 z - a wand of disintegration (7)
Scrolls
 f - a scroll of summoning
 i - 29 scrolls of remove curse
 n - 9 scrolls of blinking
 r - 4 scrolls of holy word
 J - 7 scrolls of fear
 L - 9 scrolls of magic mapping
 M - 18 scrolls of fog
 N - 32 scrolls of teleportation
 X - a scroll of silence
Potions
 d - 5 potions of restore abilities
 h - 2 potions of cure mutation
 k - 16 potions of curing
 P - 3 potions of cancellation
 Q - 4 potions of heal wounds
 R - 5 potions of haste
 S - 2 potions of magic
 Z - 10 potions of resistance
Miscellaneous
 l - 2 phantom mirrors
 o - a stone of tremors
Comestibles
 a - 6 fruits
 c - 13 meat rations
 g - a royal jelly
 m - 3 bread rations
 O - 3 beef jerkies


   Skills:
 - Level 7.7 Fighting
 - Level 8.0 Armour
 - Level 9.3 Dodging
 - Level 2.4 Stealth
 - Level 7.0 Shields
 O Level 27 Spellcasting
 O Level 27 Conjurations
 - Level 2.6 Charms
 O Level 27 Fire Magic
 * Level 25.6 Earth Magic
 + Level 12.2 Evocations


You had 4 spell levels left.
You knew the following spells:

 Your Spells              Type           Power        Failure   Level  Hunger
a - Magic Dart            Conj           ####         0%          1    None
b - Iskenderun's Battles  Conj/Chrm      #######.     1%          5    None
c - Searing Ray           Conj           ######       0%          2    None
d - Iron Shot             Conj/Erth      ########..   0%          6    None
e - Bolt of Fire          Conj/Fire      ########..   0%          6    None
f - Fireball              Conj/Fire      ########..   0%          5    None
g - Flight                Chrm/Air       ######....   1%          3    None
h - Iskenderun's Mystic   Conj           ########     0%          4    None
i - Delayed Fireball      Conj/Fire      N/A          1%          7    None
j - Repel Missiles        Chrm/Air       ######       1%          2    None
k - Shatter               Erth           ########..   1%          9    ###....
l - Ignite Poison         Fire/Trmt      ########..   1%          5    None
m - Spellforged Servitor  Conj/Summ      #######...   1%          7    None
n - Fire Storm            Conj/Fire      ########..   1%          9    ###....
o - Mephitic Cloud        Conj/Pois/Air  #######.     1%          3    None
p - Ring of Flames        Chrm/Fire      ########..   1%          7    None


Dungeon Overview and Level Annotations

Branches:
Dungeon (15/15)            Temple (1/1) D:6            Lair (8/8) D:11
  Swamp (5/5) Lair:5       Spider (5/5) Lair:6        Slime (6/6) Lair:6
    Orc (4/4) D:9             Elf (3/3) Orc:3        Vaults (5/5) D:14
  Crypt (3/3) Vaults:2       Tomb (0/3) Crypt:3      Depths (5/5) D:15
    Zot (5/5) Depths:5

Altars:
Ashenzari
Cheibriados
Dithmenos
Elyvilon
Fedhas
Gozag
Kikubaaqudgha
Makhleb
Nemelex Xobeh
Okawaru
Qazlal
Ru
Sif Muna
Trog
Vehumet
Xom
Yredelemnul
Zin
The Shining One
Beogh

Shops:
D:10 (   D:13 }   Orc:2 }   Orc:3 =   Orc:4 *(*(   Vaults:3 %   Depths:1 (*

Portals:
Hell: Depths:1 Depths:2 Depths:3 Depths:4 Depths:5
Abyss: Depths:4
Pandemonium: Depths:1 Depths:2 Depths:3 Depths:5
Ziggurat: Depths:1


Innate Abilities, Weirdness & Mutations

Armour fits poorly on your strangely shaped body.
You are frail (-10% HP).


Message History

Where to? (* - list waypoints, Enter - D:1 @ (x,y), ? - help)
You feel sick.
You feel sick.
You are no longer poisoned.
There is a stone staircase leading up here.
You climb upwards.
You sense a powerful magical force warping space.
There is a stone staircase leading down here.
You see here a club.
There is a stone staircase leading up here.
You climb upwards.
You sense a powerful magical force warping space.
There is a stone staircase leading down here.
There is a stone staircase leading up here.
You climb upwards.
You sense a powerful magical force warping space.
There is a stone staircase leading down here.
You see here a ring mail.
There is a staircase leading out of the dungeon here.
You have escaped!

###.#.(..........................
..#.#.#..###############.#####.#.
#.#.#.##.########## #.# #.#.
..#.#.##..........# #.# #.##
###.#.##..........# ####.# #...
......##..........###....# ####
#.#(#####.#+#.#..###..#..# #.#†#
#.#...........##.# ..#.#
#.####.#@..#####.# ###.#
##........#....##.#
###.####...........##.##.#
....................[..#.#
......................(#.#
.........................#
......................#..#
......................#..#
............(.........#..#


There were no monsters in sight!

Vanquished Creatures
  the royal jelly (Slime:6)
  A seraph (Zot:5)
  3 orbs of fire
  2 pandemonium lords
  8 ancient liches
  Sojobo (Crypt:2)
  the Lernaean hydra (Swamp:5)
  A curse toe (Zot:5)
  5 Killer Klowns
  17 golden dragons
  2 bone dragons (Depths:5)
  Xtahua (Crypt:1)
  4 electric golems
  2 hellephants (Zot:3)
  23 Orb Guardians
  5 liches
  17 tentacled monstrosities
  Asterion (Depths:1)
  5 titans (Vaults:5)
  2 deep elf blademasters (Elf:3)
  2 deep elf master archers (Elf:3)
  35 acid blobs
  A Shadow Fiend (Elf:3)
  3 quicksilver dragons
  2 sphinxes
  An octopode crusher (Depths:5)
  2 thorn hunters
  Rupert (D:14)
  Agnes (Swamp:4)
  3 ancient champions
  Kirke (Swamp:4)
  10 shadow dragons
  8 fire giants
  11 tengu reavers
  9 draconian monks
  4 Executioners
  3 revenants
  11 azure jellies
  10 vault wardens
  2 daevas (Zot:5)
  18 storm dragons
  Donald (Swamp:4)
  10 frost giants
  2 draconian scorchers
  6 ghost moths
  4 iron dragons
  7 deep elf sorcerers
  11 draconian knights
  Aizul (Depths:3)
  3 orc warlords
  2 curse skulls
  7 draconian zealots
  A cacodemon (D:5)
  13 ironheart preservers
  A balrug (Depths:3)
  3 draconian annihilators
  13 emperor scorpions
  Jorgrun (Crypt:3)
  2 ghouls (Crypt:2)
  A caustic shrike skeleton (Crypt:2)
  3 angels (Zot:5)
  4 war gargoyles
  10 draconian shifters
  13 very ugly things
  11 grey draconians
  6 vampire knights
  3 reapers
  15 green draconians
  20 stone giants
  3 draconian callers
  12 deep elf demonologists
  10 deep elf annihilators
  9 black draconians
  11 purple draconians
  10 mottled draconians
  9 pale draconians
  7 dire elephants
  8 red draconians
  10 white draconians
  5 yellow draconians
  16 deep elf death magi
  Snorg (Lair:5)
  2 merfolk javelineers (Depths:3)
  15 ettins
  2 green deaths
  22 fire dragons
  5 eidola
  4 minotaurs
  12 death oozes
  A crystal guardian (Vaults:2)
  14 yaktaur captains
  6 deep elf high priests
  29 vault guards
  12 great orbs of eyes
  2 jiangshi (Crypt:3)
  11 death cobs
  19 hydras
  Fannar (Lair:7)
  16 ice dragons
  A ghost crab (Swamp:4)
  A quicksilver dragon skeleton (Depths:1)
  5 spriggan air magi
  10 rakshasas
  A catoblepas (Lair:8)
  An anaconda (shapeshifter) (Elf:3)
  8 centaur warriors
  A satyr (shapeshifter) (Vaults:5)
  6 deep troll earth magi
  27 death yaks
  7 ogre magi
  7 alligators
  14 dancing weapons
  7 orc high priests
  12 deep troll shamans
  A tengu warrior (Depths:4)
  4 vampire magi
  10 spriggan berserkers
  3 soul eaters
  Nergalle (Lair:1)
  32 deep elf knights
  5 shadow wraiths
  11 skeletal warriors
  A hell knight (Depths:5)
  A golden dragon zombie (Crypt:2)
  A storm dragon skeleton (Crypt:3)
  2 ice devils
  A fire crab (Vaults:4)
  The ghost of Ladykiller69 the Chopper, an experienced FoFi of Cheibriados (D:7)
  29 deep trolls
  An iron troll (Depths:2)
  4 sun demons
  7 unseen horrors
  Erolcha (D:12)
  A spriggan druid (Swamp:4)
  A swamp dragon (shapeshifter) (Depths:4)
  11 hill giants
  12 deep elf summoners
  4 shambling mangroves
  7 wizards
  2 anubis guards (shapeshifter)
  A lindwurm (Volcano)
  21 flayed ghosts
  14 ironbrand convokers
  An ice statue (Vaults:3)
  16 swamp dragons
  10 harpies
  3 giant orange brains
  A torturous demonspawn (Depths:2)
  A sea snake (shapeshifter) (Vaults:1)
  Pikel (D:7)
  38 ugly things
  24 deep elf conjurers
  9 orc sorcerers
  20 orc knights
  A tengu zombie (Vaults:1)
  19 orb spiders
  A shadow demon (Depths:5)
  A cyclops (shapeshifter) (Depths:1)
  2 necromancers
  5 cyclopes
  2 oklob plants
  A water nymph (shapeshifter) (Depths:5)
  14 phantasmal warriors
  38 wolf spiders
  A hornet (shapeshifter) (Vaults:4)
  2 salamanders (Depths:1)
  3 large abominations
  A moth of wrath (shapeshifter) (Depths:1)
  2 manticores
  A sphinx skeleton (Vaults:1)
  2 small abominations
  A toenail golem (Volcano)
  The ghost of Jb9000 the Skirmisher, an experienced OgFi of Dithmenos (D:5)
  11 shining eyes
  10 griffons
  15 elephants
  A molten gargoyle (Volcano)
  Maurice (D:9)
  3 sixfirhies
  Joseph (Orc:4)
  7 torpor snails
  A black mamba (shapeshifter) (Vaults:1)
  3 eyes of devastation
  A hellion (Depths:2)
  6 fire giant skeletons (Crypt:3)
  3 rust devils
  12 hornets
  5 black mambas
  2 smoke demons (Depths:5)
  11 vault sentinels
  2 guardian serpents (shapeshifter)
  4 centaur skeletons
  7 gargoyles
  28 moths of wrath
  A death yak zombie (Crypt:1)
  19 spiny frogs
  An efreet (D:15)
  6 hellwings
  7 komodo dragons
  21 demonic crawlers
  53 yaktaurs
  10 trolls
  5 kobold demonologists
  16 deep elf priests
  A blue devil (Depths:2)
  2 red devils (Depths:5)
  A yaktaur (shapeshifter) (Vaults:3)
  2 fire drakes
  A sea snake skeleton (Crypt:2)
  A silent spectre (Crypt:1)
  5 fire vortices
  Sonja (Orc:2)
  18 freezing wraiths
  A polar bear (shapeshifter) (D:15)
  3 tengu conjurers
  12 two-headed ogres
  A slime creature (shapeshifter) (Vaults:4)
  A baby alligator (shapeshifter) (D:15)
  Prince Ribbit (D:7)
  9 giant leeches
  3 baby alligators (Swamp:2)
  2 basilisks (Lair:4)
  10 boulder beetles
  9 bog bodies
  18 blink frogs
  19 ravens
  41 jumping spiders
  11 air elementals
  2 blink frogs (shapeshifter)
  205 slime creatures
  6 flying skulls (D:12)
  24 trapdoor spiders
  A wyvern (D:10)
  8 wraiths
  3 ice dragon skeletons
  11 fire dragon skeletons
  82 redbacks
  4 water elementals
  An alligator skeleton (Crypt:2)
  5 fire elementals
  23 vampires
  17 tarantellas
  A yak (shapeshifter) (Vaults:2)
  A hog (shapeshifter) (Vaults:1)
  37 deep elf magi
  32 vampire mosquitoes
  A ynoxinul (D:13)
  7 shadows
  A golden eye (shapeshifter) (Vaults:1)
  2 chaos spawn
  5 hogs (Swamp:4)
  3 hungry ghosts (Crypt:3)
  A neqoxec (Orc:4)
  59 yaks
  4 spriggans
  7 humans (Zot:3)
  4 golden eyes (Slime:5)
  16 wargs
  27 water moccasins
  6 hippogriffs
  3 mottled dragons
  A steam dragon (D:13)
  A merfolk zombie (Crypt:2)
  36 deep elf fighters
  30 wolves
  5 insubstantial wisps (Swamp:5)
  A torturous demonspawn skeleton (Crypt:1)
  5 hell hounds (Zot:5)
  26 swamp worms
  An ice dragon simulacrum (Depths:1)
  A raven skeleton (Crypt:1)
  14 porcupines
  46 spiders
  4 black bears
  2 slaves
  3 sky beasts
  5 eyes of draining
  8 swamp drakes
  A black bear (shapeshifter) (Vaults:5)
  8 wasps
  4 necrophages
  63 orc warriors
  A baby alligator skeleton (Crypt:1)
  40 ogres
  3 ice beasts
  A ghost crab zombie (Crypt:2)
  12 boggarts
  5 boring beetles
  14 crocodiles
  5 phantoms
  2 orc skeletons
  15 giant frogs
  7 big kobolds
  13 centaurs
  3 gnoll sergeants
  9 lost souls
  A fire drake skeleton (Crypt:1)
  Blork the orc (D:8)
  A human simulacrum (Vaults:2)
  A cyclops zombie (Crypt:1)
  A salamander skeleton (Crypt:1)
  A wyvern zombie (D:11)
  An elf skeleton (Crypt:2)
  31 killer bees
  13 scorpions
  A water moccasin skeleton (D:6)
  2 oklob saplings (D:8)
  3 electric eels
  38 wights
  47 jellies
  7 crimson imps
  10 human zombies (D:12)
  5 centaur zombies
  2 goliath beetles
  A giant frog skeleton (D:8)
  A gnoll shaman (D:8)
  40 orc priests
  44 orc wizards
  2 quasits
  12 hounds
  12 iguanas
  10 worker ants
  A boulder beetle simulacrum (Vaults:1)
  9 hell rats
  A killer bee zombie (D:11)
  19 sheep
  Ijyb (D:7)
  2 tengu skeletons
  4 wandering mushrooms (D:8)
  2 worker ant zombies (D:8)
  A hound zombie (Crypt:1)
  2 mummies
  24 adders
  26 gnolls
  26 river rats
  8 shadow imps
  A giant mite (D:3)
  3 worms
  2 ufetubi
  A white imp (Depths:5)
  7 giant geckos
  An ooze (D:2)
  371 orcs
  2 ball pythons (D:2)
  21 bats
  2 bat skeletons (D:7)
  24 goblins
  21 hobgoblins
  11 jackals
  40 kobolds
  16 quokkas
  8 giant cockroaches
  A giant gecko skeleton (D:6)
  A giant gecko zombie (D:6)
  8 giant newts
  2 giant spores
  4 orc zombies
  A quokka skeleton (D:5)
  13 rats
  12 ballistomycetes
  3 bushes (Lair:8)
  5 fungi
  8 plants
3671 creatures vanquished.

Vanquished Creatures (collateral kills)
  A golden dragon (Zot:5)
  2 Orb Guardians (Zot:5)
  A tentacled monstrosity (Zot:4)
  A titan (Vaults:5)
  A shadow dragon (Depths:4)
  A tengu reaver (Vaults:5)
  A vault warden (Vaults:5)
  2 draconian scorchers
  An ironheart preserver (Vaults:5)
  A vampire knight (Crypt:3)
  A grey draconian (Zot:2)
  A white draconian (Zot:4)
  2 yellow draconians
  A pale draconian (Zot:2)
  A dire elephant (Depths:2)
  A rakshasa (Depths:4)
  A deep troll earth mage (Depths:5)
  A moth of wrath (Zot:2)
  A yaktaur skeleton (Depths:1)
  2 slime creatures
  2 deep elf magi
  An air elemental (Depths:3)
  2 ogres
  6 jellies
  An orc wizard (Vaults:4)
  A naga skeleton (Crypt:3)
  A hound skeleton (Crypt:2)
  2 crawling corpses (Vaults:5)
40 creatures vanquished.

Vanquished Creatures (others)
  An eldritch tentacle (Zot:5)
  A pale draconian (Zot:5)
  A spellforged servitor (Vaults:1)
  A hydra (Swamp:5)
  A tengu warrior (D:15)
  2 deep elf knights (Elf:2)
  A cyclops (D:15)
  368 fire vortices
  3 lost souls
  A quasit (D:5)
  An orc wizard (Orc:4)
  A giant spore (D:11)
  A ballistomycete (D:11)
  90 eldritch tentacle segments (Zot:5)
  A fungus (Lair:1)
  23 plants
497 creatures vanquished.

Grand Total: 4208 creatures vanquished

Notes
Turn   | Place    | Note
--------------------------------------------------------------
     0 | D:1      | theElss, the Deep Elf Conjurer, began the quest for the Orb.
     0 | D:1      | Reached XP level 1. HP: 10/10 MP: 5/5
   423 | D:1      | Reached XP level 2. HP: 12/15 MP: 0/8
   440 | D:1      | Learned a level 2 spell: Searing Ray
   639 | D:1      | Reached skill level 5 in Conjurations
  1215 | D:2      | Reached XP level 3. HP: 19/19 MP: 2/11
  1500 | D:2      | Found a glowing golden altar of the Shining One.
  1816 | D:2      | Found an iron altar of Okawaru.
  2094 | D:3      | Reached XP level 4. HP: 24/24 MP: 6/14
  2375 | D:3      | Reached skill level 6 in Conjurations
  2721 | D:3      | Found a shimmering altar of Xom.
  2721 | D:3      | Found a shimmering altar of Xom.
  2724 | D:3      | Found a shimmering altar of Xom.
  2724 | D:3      | Found a shimmering altar of Xom.
  2724 | D:3      | Found a shimmering altar of Xom.
  2724 | D:3      | Found a shimmering altar of Xom.
  2725 | D:3      | Found a shimmering altar of Xom.
  2817 | D:3      | Reached XP level 5. HP: 21/28 MP: 6/18
  2909 | D:3      | Learned a level 5 spell: Iskenderun's Battlesphere
  3061 | D:3      | Found an opulent altar of Gozag.
  3164 | D:4      | Reached skill level 5 in Spellcasting
  3720 | D:4      | Found a radiant altar of Vehumet.
  3759 | D:4      | Reached XP level 6. HP: 32/32 MP: 15/21
  3799 | D:4      | Found a shadowy altar of Dithmenos.
  4161 | D:4      | Found a deep blue altar of Sif Muna.
  4173 | D:4      | Reached skill level 7 in Conjurations
  4408 | D:5      | Entered Level 5 of the Dungeon
  4761 | D:5      | Noticed Jb9000's ghost (experienced OgFi)
  4812 | D:6      | Reached XP level 7. HP: 30/36 MP: 15/24
  5167 | D:6      | HP: 1/36 [hound (6)]
  5168 | D:6      | Found a staircase to the Ecumenical Temple.
  5175 | Temple   | Entered the Ecumenical Temple
  5536 | D:4      | Became a worshipper of Vehumet
  5745 | D:6      | Reached skill level 8 in Conjurations
  5909 | D:6      | Found a shadowy altar of Dithmenos.
  6204 | D:6      | Reached XP level 8. HP: 41/41 MP: 17/28
  6275 | D:6      | Found an ancient bone altar of Kikubaaqudgha.
  6288 | D:6      | Reached skill level 9 in Spellcasting
  6574 | D:7      | Noticed Ladykiller69's ghost (experienced FoFi)
  6581 | D:7      | Killed Ladykiller69's ghost
  6581 | D:7      | Reached skill level 10 in Spellcasting
  6581 | D:7      | Reached skill level 1 in Charms
  6721 | D:7      | Noticed Ijyb
  6728 | D:7      | Killed Ijyb
  7064 | D:7      | Reached skill level 10 in Conjurations
  7064 | D:7      | Reached XP level 9. HP: 45/45 MP: 25/30
  7069 | D:7      | Acquired Vehumet's first power
  7069 | D:7      | Offered knowledge of Freeze by Vehumet.
  7099 | D:7      | Noticed Prince Ribbit
  7106 | D:7      | Killed Prince Ribbit
  7106 | D:7      | Reached skill level 11 in Spellcasting
  7427 | D:7      | Noticed Pikel
  7436 | D:7      | Killed Pikel
  7581 | D:7      | Reached skill level 12 in Spellcasting
  7648 | D:7      | Offered knowledge of Throw Flame by Vehumet.
  7652 | D:7      | Learned a level 2 spell: Throw Flame
  7758 | D:7      | Reached skill level 1 in Fire Magic
  8066 | D:8      | Noticed Blork the orc
  8070 | D:8      | Killed Blork the orc
  8303 | D:9      | Reached XP level 10. HP: 49/51 MP: 22/33
  8370 | D:9      | Offered knowledge of Mephitic Cloud by Vehumet.
  8376 | D:9      | Learned a level 3 spell: Mephitic Cloud
  8641 | D:9      | Found a staircase to the Orcish Mines.
  8739 | D:8      | Acquired Vehumet's second power
  9114 | D:8      | Found a blossoming altar of Fedhas.
  9127 | D:8      | Reached skill level 1 in Fighting
  9127 | D:8      | Reached skill level 13 in Spellcasting
  9696 | D:9      | Offered knowledge of Sticky Flame by Vehumet.
  9697 | D:9      | Reached skill level 1 in Armour
  9871 | D:9      | Reached skill level 1 in Shields
 10320 | D:9      | Acquired Vehumet's third power
 10334 | D:9      | Found a bloodstained altar of Trog.
 10393 | D:10     | Entered Level 10 of the Dungeon
 10393 | D:10     | Noticed a hill giant
 10397 | D:10     | Noticed Maurice
 10590 | D:9      | Killed Maurice
 10794 | D:10     | Killed a hill giant
 10794 | D:10     | Reached skill level 14 in Spellcasting
 10794 | D:10     | Reached XP level 11. HP: 56/56 MP: 21/35
 10882 | D:10     | Noticed an unseen horror
 10887 | D:10     | Killed an unseen horror
 10925 | D:10     | Noticed a hill giant
 10934 | D:10     | Killed a hill giant
 10934 | D:10     | Offered knowledge of Venom Bolt by Vehumet.
 10934 | D:10     | Reached skill level 5 in Fire Magic
 11035 | D:10     | Found Yroociaru's Antique Weapon Shoppe.
 11164 | D:10     | Reached skill level 5 in Dodging
 12116 | D:11     | Noticed a hill giant
 12121 | D:11     | Killed a hill giant
 12185 | D:11     | Found a staircase to the Lair.
 12452 | D:11     | Noticed a hill giant
 12456 | D:11     | Killed a hill giant
 12622 | D:11     | Got a slimy dagger
 12625 | D:11     | Identified the +6 dagger of Qazlal's Castigation {pierce, rElec rF+ Str+2 SInv Stlth+} (You took it off a hobgoblin on level 11 of the Dungeon)
 13866 | D:5      | Killed Jb9000's ghost
 14306 | D:10     | Offered knowledge of Throw Icicle by Vehumet.
 14375 | D:11     | Reached skill level 15 in Spellcasting
 14438 | Lair:1   | Entered Level 1 of the Lair of Beasts
 14579 | Lair:1   | Noticed a five-headed hydra
 14587 | Lair:1   | Killed a five-headed hydra
 14587 | Lair:1   | Reached XP level 12. HP: 60/60 MP: 19/37
 14592 | Lair:1   | Noticed Nergalle
 14600 | Lair:1   | Killed Nergalle
 16047 | Lair:2   | Learned a level 4 spell: Iskenderun's Mystic Blast
 16051 | Lair:2   | Learned a level 3 spell: Flight
 16692 | Lair:3   | Offered knowledge of Lightning Bolt by Vehumet.
 17033 | Lair:3   | Got a jewelled long sword
 17111 | Lair:3   | Identified the cursed +1 long sword of Circular Logic {slice, Noisy MR+ Str+6} (You found it on level 3 of the Lair of Beasts)
 17563 | Lair:4   | Reached skill level 16 in Spellcasting
 17687 | Lair:4   | Reached skill level 5 in Armour
 17716 | Lair:4   | Reached skill level 5 in Shields
 18147 | Lair:4   | Noticed a five-headed hydra
 18152 | Lair:4   | Killed a five-headed hydra
 18157 | Lair:4   | Noticed a seven-headed hydra
 18158 | Lair:4   | Killed a seven-headed hydra
 18503 | Lair:5   | Reached XP level 13. HP: 65/65 MP: 30/38
 19027 | Lair:5   | Got a pair of warped boots
 19038 | Lair:5   | Identified the +3 pair of boots of the Ten Places {+Blink MP+9 Str-5 Int+2 SInv} (You found it on level 5 of the Lair of Beasts)
 19262 | Lair:5   | Noticed Snorg
 19269 | Lair:5   | Killed Snorg
 19436 | Lair:5   | Found a staircase to the Swamp.
 19997 | Lair:6   | Found a hole to the Spider Nest.
 20129 | Lair:6   | Learned a level 5 spell: Fireball
 20135 | Lair:6   | Found a staircase to the Slime Pits.
 20160 | Lair:6   | Offered knowledge of Delayed Fireball by Vehumet.
 20169 | Lair:6   | Learned a level 7 spell: Delayed Fireball
 20573 | Lair:6   | Reached skill level 17 in Spellcasting
 20584 | Lair:6   | Reached skill level 15 in Conjurations
 20834 | Lair:6   | Learned a level 2 spell: Repel Missiles
 20838 | Lair:6   | Learned a level 2 spell: Swiftness
 20966 | Lair:7   | Noticed Fannar
 20970 | Lair:7   | Killed Fannar
 21099 | Lair:7   | Found a dark tunnel.
 21125 | Volcano  | Entered a volcano
 22060 | Lair:7   | Reached XP level 14. HP: 70/70 MP: 39/39
 22967 | Lair:2   | Learned a level 5 spell: Ignite Poison
 23426 | Lair:8   | Entered Level 8 of the Lair of Beasts
 24681 | Lair:8   | Reached skill level 18 in Spellcasting
 25602 | Orc:1    | Entered Level 1 of the Orcish Mines
 25697 | Orc:1    | Found a shimmering altar of Xom.
 25703 | Orc:1    | Offered knowledge of Poisonous Cloud by Vehumet.
 26504 | Orc:2    | Noticed Sonja
 26506 | Orc:2    | Killed Sonja
 26644 | Orc:2    | Found an iron altar of Okawaru.
 26661 | Orc:2    | Found Acumn's Gadget Shoppe.
 26928 | Orc:3    | Offered knowledge of Bolt of Cold by Vehumet.
 26998 | Orc:3    | Reached skill level 10 in Fire Magic
 27103 | Orc:3    | Found a staircase to the Elven Halls.
 27302 | Orc:3    | Found Khuela's Jewellery Shoppe.
 27326 | Orc:3    | Bought the amulet "Penteess" {Clar rPois} for 499 gold pieces
 27381 | Orc:3    | Bought an uncursed amulet of the gourmand for 480 gold pieces
 27690 | Orc:4    | Entered Level 4 of the Orcish Mines
 28796 | Orc:4    | Found a roughly hewn altar of Beogh.
 28797 | Orc:4    | Offered knowledge of Ozocubu's Refrigeration by Vehumet.
 28815 | Orc:4    | Noticed Joseph
 28818 | Orc:4    | Killed Joseph
 28971 | Orc:4    | Found Iwoacink's Weapon Emporium.
 29088 | Orc:4    | Found Hisooc's General Store.
 29224 | Orc:4    | Noticed an orc warlord
 29470 | Orc:4    | Killed an orc warlord
 29840 | Orc:4    | Noticed an orc warlord
 30173 | Orc:4    | Killed an orc warlord
 30173 | Orc:4    | Reached XP level 15. HP: 74/74 MP: 16/41
 30478 | Orc:4    | Reached skill level 19 in Spellcasting
 30638 | Orc:4    | Offered knowledge of Spellforged Servitor by Vehumet.
 30647 | Orc:4    | Learned a level 7 spell: Spellforged Servitor
 31145 | Orc:4    | Found Sebabab's General Store.
 31237 | Orc:4    | Found Uzuiddon's Antique Weapon Shoppe.
 31265 | Orc:4    | Found a roughly hewn altar of Beogh.
 32240 | D:12     | Offered knowledge of Fire Storm by Vehumet.
 32240 | D:12     | Offered knowledge of Glaciate by Vehumet.
 32240 | D:12     | Offered knowledge of Chain Lightning by Vehumet.
 32624 | D:12     | Got a bloodstained arbalest
 32759 | D:12     | Got a crude arbalest
 32760 | D:12     | Found a basalt altar of Yredelemnul.
 33158 | D:12     | Noticed Erolcha
 33162 | D:12     | Killed Erolcha
 33384 | D:13     | Found Peitiaj's Gadget Emporium.
 33836 | D:13     | Found a snail-covered altar of Cheibriados.
 34336 | D:14     | Found a gate to the Vaults.
 34584 | Lair:2   | Identified the +6 arbalest of Vox Cris {elec, Int+3 SInv Stlth-} (You took it off a vampire knight on level 12 of the Dungeon)
 34585 | Lair:2   | Identified the cursed +2 arbalest "Gram" {freeze, rElec MP+9} (You took it off a vampire on level 12 of the Dungeon)
 34784 | D:14     | Noticed Rupert
 34791 | D:14     | Killed Rupert
 35251 | D:15     | Entered Level 15 of the Dungeon
 35290 | D:15     | Found a deep blue altar of Sif Muna.
 35567 | D:15     | Reached skill level 20 in Spellcasting
 36540 | D:15     | Found a staircase to the Depths.
 36600 | D:15     | Reached XP level 16. HP: 79/79 MP: 36/42
 37024 | D:4      | Identified Sif Muna's Guide on Confrontation (You found it on level 4 of the Dungeon)
 38826 | Spider:1 | Entered Level 1 of the Spider Nest
 41268 | Spider:3 | Reached skill level 21 in Spellcasting
 42403 | Spider:4 | Identified Sif Muna's Disquisition on Beguiling (You found it on level 4 of the Spider Nest)
 42409 | Spider:4 | Got a slimy halberd
 43726 | Lair:2   | Identified the cursed +3 halberd "Giantbane" {chop, -Cast rPois rF+ Stlth+} (You found it on level 4 of the Spider Nest)
 43888 | Swamp:1  | Entered Level 1 of the Swamp
 45185 | Swamp:2  | Reached XP level 17. HP: 83/83 MP: 43/43
 45362 | Swamp:2  | Noticed a tentacled monstrosity
 45372 | Swamp:2  | Killed a tentacled monstrosity
 47317 | Swamp:3  | Reached skill level 22 in Spellcasting
 47389 | Swamp:4  | Noticed Donald
 47396 | Swamp:4  | Killed Donald
 48119 | Swamp:4  | Noticed Kirke
 48129 | Swamp:4  | Killed Kirke
 48363 | Swamp:4  | Noticed Agnes
 48368 | Swamp:4  | Killed Agnes
 48368 | Swamp:4  | Reached skill level 15 in Fire Magic
 48827 | Swamp:4  | Learned a level 9 spell: Fire Storm
 49396 | Spider:5 | Entered Level 5 of the Spider Nest
 50231 | Spider:5 | Got an ancient rapier
 51897 | Spider:2 | Reached XP level 18. HP: 88/88 MP: 13/45
 52214 | Swamp:5  | Entered Level 5 of the Swamp
 52454 | Swamp:5  | Noticed the 27-headed Lernaean hydra
 52459 | Swamp:5  | Killed the 27-headed Lernaean hydra
 52459 | Swamp:5  | Reached skill level 23 in Spellcasting
 52880 | Swamp:5  | Got a decaying rune of Zot
 53579 | Swamp:5  | Identified a scroll of acquirement
 54222 | Vaults:1 | Entered Level 1 of the Vaults
 55160 | Vaults:1 | Identified the +5 rapier of the Penguin {flame, Str+2} (You found it on level 5 of the Spider Nest)
 58266 | Spider:5 | Reached XP level 19. HP: 92/92 MP: 39/46
 58381 | Spider:5 | Got a gossamer rune of Zot
 58595 | Spider:1 | Reached skill level 24 in Spellcasting
 58950 | Elf:1    | Entered Level 1 of the Elven Halls
 59197 | Elf:1    | Identified the Volume of Conjuration
 60424 | Elf:2    | Found a runed gate.
 60866 | Elf:2    | Found a bloodstained altar of Trog.
 60937 | Elf:2    | Found a runed gate.
 60941 | Elf:2    | Found a runed gate.
 62276 | Elf:3    | Entered Level 3 of the Elven Halls
 62945 | Elf:3    | Reached skill level 1 in Evocations
 63717 | Elf:3    | Reached XP level 20. HP: 71/100 MP: 44/47
 64215 | Elf:3    | Got a faintly glowing platinum ring
 64515 | Elf:3    | Got a warped tin ring
 64522 | Elf:3    | Got a pair of faintly humming boots
 64869 | Lair:2   | Identified the cursed -3 pair of boots of Daisies {rC+ Str+3} (You found it on level 3 of the Elven Halls)
 65143 | Elf:3    | Got a shimmering rapier
 65151 | Elf:3    | Got a fine long sword
 65151 | Elf:3    | Got a pitted ring mail
 65236 | Elf:3    | Got a dazzling dagger
 65484 | D:11     | Reached skill level 25 in Spellcasting
 65554 | Lair:2   | Identified the cursed +0 rapier of Destiny {pierce, MR+ Int+5} (You took it off a deep elf death mage on level 3 of the Elven Halls)
 65556 | Lair:2   | Identified the +7 long sword "Wileam" {pain, rC++ Str-4} (You took it off a deep elf priest on level 3 of the Elven Halls)
 65557 | Lair:2   | Identified the +4 dagger of Plunder {vamp, +Blink rPois MR+ Str-3 SInv} (You found it on level 3 of the Elven Halls)
 65582 | Lair:2   | Identified the cursed -1 ring mail "Goole" {MR+ Str-2 Int+3 Slay+2 Stlth+} (You took it off a deep elf priest on level 3 of the Elven Halls)
 65642 | Lair:2   | Identified the ring "Shroxiz" {Contam MR+ SInv Stlth+} (You found it on level 3 of the Elven Halls)
 65644 | Lair:2   | Identified the ring "Lupaacaq" {Fire rPois rN+} (You took it off a deep elf master archer on level 3 of the Elven Halls)
 66284 | Vaults:2 | Reached skill level 5 in Evocations
 66621 | Vaults:2 | Found a staircase to the Crypt.
 66907 | Vaults:2 | Found a portal to a secret trove of treasure.
 67323 | Vaults:2 | Found Tacvicol's Armour Shoppe.
 67951 | Vaults:3 | Got a dazzling hand crossbow
 67952 | Vaults:3 | Identified the +5 hand crossbow "Qirun" {speed, Int+3} (You found it on level 3 of the Vaults)
 68316 | Crypt:1  | Entered Level 1 of the Crypt
 68316 | Crypt:1  | Noticed Xtahua
 68537 | Crypt:1  | Killed Xtahua
 69945 | Crypt:2  | Reached skill level 5 in Fighting
 70131 | Crypt:2  | Noticed Sojobo
 70140 | Crypt:2  | Killed Sojobo
 70140 | Crypt:2  | Reached XP level 21. HP: 110/110 MP: 35/48
 71343 | Orc:4    | Bought a potion of resistance for 120 gold pieces
 71343 | Orc:4    | Bought a potion of heal wounds for 60 gold pieces
 71343 | Orc:4    | Bought a bread ration for 60 gold pieces
 71577 | Vaults:3 | Found Raapnof's Food Emporium.
 71876 | Vaults:3 | Got a shimmering plate armour
 72171 | Crypt:3  | Entered Level 3 of the Crypt
 72171 | Crypt:3  | Noticed Jorgrun
 72176 | Crypt:3  | Killed Jorgrun
 72939 | Crypt:3  | Got a warped mace
 72940 | Crypt:3  | Identified the cursed -1 mace of the Nine Blessings {crush, rElec rPois rN+ Str+4 Int-4} (You found it on level 3 of the Crypt)
 73167 | Crypt:3  | Reached skill level 26 in Spellcasting
 73455 | Crypt:3  | Got an ichor-stained hand crossbow
 73456 | Crypt:3  | Identified the cursed +2 hand crossbow of Yredelemnul's Favour {penet, -Tele Str+4 Int-5 SInv Stlth+} (You took it off a vampire on level 3 of the Crypt)
 73539 | Crypt:3  | Found a staircase to the Tomb.
 73855 | Crypt:3  | Got a faintly glowing robe
 73894 | Crypt:3  | Identified the +2 robe of Liberty {-Cast rF+ rC- Dex+7 Slay+3} (You found it on level 3 of the Crypt)
 74938 | Crypt:3  | Found an ancient bone altar of Kikubaaqudgha.
 74940 | Crypt:3  | Noticed an ancient lich
 74942 | Crypt:3  | Killed an ancient lich
 75043 | Crypt:3  | Noticed an ancient lich
 75045 | Crypt:3  | Killed an ancient lich
 75141 | Crypt:3  | Got a dazzling short sword
 75156 | Crypt:3  | Identified the +7 short sword of Dividends {pierce, +Blink rC+ Str+4 Dex-2} (You found it on level 3 of the Crypt)
 76641 | Lair:2   | Learned a level 6 spell: Bolt of Fire
 76649 | Lair:2   | Learned a level 7 spell: Ring of Flames
 77727 | Vaults:4 | Reached XP level 22. HP: 119/119 MP: 32/48
 79812 | Depths:1 | Entered Level 1 of the Depths
 79824 | Depths:1 | Noticed Asterion
 79828 | Depths:1 | Killed Asterion
 80280 | Depths:1 | Found a gateway to a ziggurat.
 80534 | Depths:1 | Found Khu Zil's Elemental Accessories.
 80572 | Depths:1 | Bought Blud's Handbook of the Mountains and Transmutation for 1020 gold pieces
 80579 | Depths:1 | Learned a level 6 spell: Iron Shot
 80596 | Depths:1 | Found a one-way gate leading to the halls of Pandemonium.
 80614 | Depths:1 | Reached skill level 27 in Spellcasting
 80914 | Depths:1 | Found a gateway to Hell.
 80987 | Depths:1 | Reached skill level 1 in Earth Magic
 81158 | Depths:1 | Found Graa's Antique Weapon Emporium.
 81707 | Depths:1 | Reached skill level 5 in Earth Magic
 83120 | Depths:2 | Reached skill level 10 in Earth Magic
 83120 | Depths:2 | Reached XP level 23. HP: 126/126 MP: 47/49
 84704 | Depths:3 | Noticed Aizul
 84710 | Depths:3 | Killed Aizul
 86160 | Depths:3 | Got a citrine-encrusted chain mail
 86938 | Vaults:2 | You paid a toll of a +5 demon trident to enter a treasure trove
 86939 | Trove    | Entered a treasure trove
 86969 | Trove    | Got a faintly glowing lapis lazuli ring
 87220 | Lair:2   | Identified the ring of Klutwaun {+Inv rPois rF+ Str-5 Int+2} (You found it in a treasure trove)
 87778 | Depths:4 | Found a runed gate.
 87778 | Depths:4 | Found a runed gate.
 87779 | Depths:4 | Found a runed gate.
 88653 | Depths:4 | Reached skill level 15 in Earth Magic
 88683 | Depths:4 | Found a one-way gate to the infinite horrors of the Abyss.
 89573 | Depths:5 | Entered Level 5 of the Depths
 90467 | Depths:5 | Reached XP level 24. HP: 123/132 MP: 47/50
 91606 | Depths:5 | Found a runed door.
 91613 | Depths:5 | Found a runed door.
 91723 | Depths:5 | Found a runed door.
 91724 | Depths:5 | Found a runed door.
 91862 | Depths:5 | Found a runed door.
 91869 | Depths:5 | Found a runed door.
 92224 | Depths:5 | Found a gate to the Realm of Zot.
 93229 | Lair:2   | Learned a level 9 spell: Shatter
 93405 | Slime:1  | Entered Level 1 of the Pits of Slime
 96501 | Slime:4  | Reached XP level 25. HP: 136/136 MP: 41/50
 96983 | Slime:6  | Entered Level 6 of the Pits of Slime
 97879 | Slime:6  | Noticed the royal jelly
 97883 | Slime:6  | Killed the royal jelly
 98432 | Slime:6  | Got a slimy rune of Zot
 98437 | Slime:6  | Got a translucent hand crossbow
 98944 | Slime:6  | Got an ancient quarterstaff
 99013 | Slime:6  | Got a blackened ring mail
 99217 | Lair:2   | Identified the +5 ring mail of the Thistle {+Blink Dex+3} (You found it on level 6 of the Pits of Slime)
 99235 | Lair:2   | Identified the +12 hand crossbow of Revolt {freeze, rPois Int+3} (You found it on level 6 of the Pits of Slime)
 99243 | Lair:2   | Identified the +6 quarterstaff of Upunwip {crush, Dex+4} (You found it on level 6 of the Pits of Slime)
 99768 | Zot:1    | Entered Level 1 of the Realm of Zot
100768 | Zot:1    | Got a dazzling leather armour
102501 | Zot:2    | Reached XP level 26. HP: 141/141 MP: 30/50
103047 | Zot:3    | Noticed an orb of fire
103381 | Zot:3    | Killed an orb of fire
105077 | Lair:2   | Identified the +0 leather armour of the Lily {-Cast rElec rN+ MP+9} (You found it on level 1 of the Realm of Zot)
107029 | Zot:4    | Identified the Guide on Frigorific Summoning (You found it on level 4 of the Realm of Zot)
108254 | Zot:4    | Found a shimmering altar of Xom.
109083 | Zot:4    | Identified Sif Muna's Catalogue of Fire and Brimstone
109101 | Zot:4    | Identified the Almanac of the Zealot
109158 | Zot:4    | Reached XP level 27. HP: 145/145 MP: 50/50
109178 | Zot:5    | Entered Level 5 of the Realm of Zot
110856 | Zot:5    | Reached skill level 10 in Evocations
111060 | Zot:5    | Noticed an ancient lich
111061 | Zot:5    | Killed an ancient lich
111197 | Zot:5    | Noticed an ancient lich
111198 | Zot:5    | Killed an ancient lich
111338 | Zot:5    | Noticed an orb of fire
111561 | Zot:5    | Killed an orb of fire
111728 | Zot:5    | Noticed an ancient lich
111732 | Zot:5    | Killed an ancient lich
111951 | Zot:5    | Noticed an ancient lich
111954 | Zot:5    | Killed an ancient lich
112296 | Zot:5    | Noticed an orb of fire
112300 | Zot:5    | Killed an orb of fire
112845 | Zot:5    | Noticed an ancient lich
112849 | Zot:5    | Killed an ancient lich
114632 | Lair:2   | Identified a cursed -2 rod of the swarm (13/13) (You found it on level 3 of the Realm of Zot)
115303 | Vaults:5 | Entered Level 5 of the Vaults
115569 | Vaults:5 | Noticed an ancient lich
115831 | Vaults:5 | Killed an ancient lich
115835 | Vaults:5 | Reached skill level 27 in Conjurations
116437 | Vaults:5 | Reached skill level 27 in Fire Magic
118607 | Vaults:5 | Got a bound silver ring
118994 | Vaults:5 | Got a vibrating bone amulet
119074 | Vaults:5 | Got a silver rune of Zot
119319 | Lair:2   | Identified the ring "Gavuing" {rC+ Str+7 Int-2} (You found it on level 5 of the Vaults)
119345 | Lair:2   | Identified the amulet "Klujaw Anuo" {Inacc rElec rPois} (You found it on level 5 of the Vaults)
123614 | Zot:5    | Got the Orb of Zot
123625 | Zot:5    | Noticed a seraph
123627 | Zot:5    | Killed a seraph
123847 | D:15     | Gained mutation: Armour fits poorly on your strangely shaped body. [a cacodemon]
123855 | D:15     | Gained mutation: You are frail (-10% HP). [a cacodemon]
123886 | D:13     | Noticed Urreyg the pandemonium lord
123889 | D:13     | Killed Urreyg the pandemonium lord
123976 | D:7      | Noticed Pnele the pandemonium lord
123991 | D:5      | Noticed Duilulao the pandemonium lord
123998 | D:5      | Killed Duilulao the pandemonium lord
124095 | D:$      | Escaped with the Orb!

Action                   |  1- 3 |  4- 6 |  7- 9 | 10-12 | 13-15 | 16-18 | 19-21 | 22-24 | 25-27 || total
-------------------------+-------+-------+-------+-------+-------+-------+-------+-------+-------++-------
Melee: Unarmed           |       |     1 |     2 |     2 |       |       |       |       |       ||     5
       Dagger            |       |       |       |       |     4 |    12 |    26 |     2 |       ||    44
 Cast: Magic Dart        |    85 |   137 |   232 |   488 |   836 |   594 |   207 |   104 |    59 ||  2742
       Searing Ray       |     3 |    14 |    23 |    24 |    19 |     7 |     1 |       |       ||    91
       Iskenderun's Batt |       |       |    24 |   106 |   239 |   226 |   161 |   110 |    93 ||   959
       Throw Flame       |       |       |       |    90 |    41 |     3 |       |       |       ||   134
       Mephitic Cloud    |       |       |       |    27 |    40 |     2 |       |       |       ||    69
       Fireball          |       |       |       |       |   274 |   417 |   373 |    97 |    41 ||  1202
       Delayed Fireball  |       |       |       |       |     2 |     3 |     2 |     1 |     1 ||     9
       Repel Missiles    |       |       |       |       |     1 |       |     2 |     3 |     4 ||    10
       Ignite Poison     |       |       |       |       |       |   101 |     6 |       |     1 ||   108
       Fire Storm        |       |       |       |       |       |     9 |    97 |    89 |   160 ||   355
       Iskenderun's Myst |       |       |       |       |       |     3 |    66 |    18 |    13 ||   100
       Spellforged Servi |       |       |       |       |       |     1 |       |       |       ||     1
       Flight            |       |       |       |       |       |       |     3 |     1 |       ||     4
       Bolt of Fire      |       |       |       |       |       |       |     3 |   364 |   526 ||   893
       Iron Shot         |       |       |       |       |       |       |       |    76 |    41 ||   117
       Ring of Flames    |       |       |       |       |       |       |       |    11 |   101 ||   112
       Shatter           |       |       |       |       |       |       |       |    10 |    18 ||    28
 Abil: Release Delayed F |       |       |       |       |     1 |     3 |     2 |     1 |       ||     7
       Evoke Blink       |       |       |       |       |       |     8 |     9 |    19 |    17 ||    53
Evoke: Wand              |       |       |       |       |       |     5 |     3 |       |       ||     8
  Use: Scroll            |       |     5 |     6 |    11 |     8 |     9 |    11 |     7 |     3 ||    60
       Potion            |       |       |     1 |     1 |       |     4 |       |       |     2 ||     8
  Eat: Chunk             |     3 |     9 |    14 |    32 |    62 |    55 |   104 |    54 |    81 ||   414
       Fruit             |       |       |     1 |       |     2 |       |     2 |       |       ||     5
       Beef jerky        |       |       |       |     2 |     1 |     1 |       |       |       ||     4
       Meat ration       |       |       |       |       |     1 |       |       |     1 |     3 ||     5
       Royal jelly       |       |       |       |       |       |     1 |       |       |       ||     1
       Pizza             |       |       |       |       |       |     1 |     1 |       |       ||     2
